 Dungeon Crawl Stone Soup version 0.24-a0-408-gcc1054c7ca (webtiles) character file.

Game seed: 6702301964596878781

103 Amnesiac the Insei (level 4, -5/28 HPs)
             Began as an Octopode Transmuter on June 5, 2019.
             Slain by a worker ant (8 damage)
             ... on level 4 of the Dungeon.
             The game lasted 00:03:05 (970 turns).

Amnesiac the Insei (Octopode Transmuter)             Turns: 970, Time: 00:03:06

Health: -5/28      AC:  2    Str:  9    XL:     4   Next: 79%
Magic:  4/7        EV: 20    Int: 15    God:
Gold:   28         SH:  0    Dex: 18    Spells: 1/7 levels left

rFire    . . .     SeeInvis .     - Unarmed
rCold    . . .     Gourm    .   (shield currently unavailable)
rNeg     . . .     Faith    .   (helmet currently unavailable)
rPois    x         Spirit   .   (no amulet)
rElec    .         Reflect  .   (no ring)
rCorr    .         Harm     .   (no ring)
MR       .....                  (no ring)
Stlth    ++........             (no ring)
HPRegen  0.09/turn              (no ring)
MPRegen  0.10/turn              (no ring)
                                (no ring)
                                (no ring)

@: spider-form
A: tiny, almost no armour, stealthy swim, (amphibious), 8 rings, (constrict 8)
a: End Transformation


You were on level 4 of the Dungeon.
You were not hungry.
You were a venomous arachnid creature.
You visited 1 branch of the dungeon, and saw 4 of its levels.

You collected 28 gold pieces.

Inventory:

Hand Weapons
 a - a +2 short sword of venom (melded)
Missiles
 f - 5 boomerangs (quivered)
 i - 27 arrows
Scrolls
 b - 2 scrolls of amnesia {!r, unknown}
 d - a scroll of blinking {!r, unknown}
 h - a scroll of random uselessness {!r, unknown}
 j - 2 scrolls of remove curse {!r}
 l - a scroll of identify {!r}
Potions
 e - a potion of heal wounds {!q}
 k - a potion of cancellation {!q}
Comestibles
 c - 2 rations


   Skills:
 - Level 1.0 Fighting
 - Level 2.0 Dodging
 + Level 4.0 Unarmed Combat
 - Level 2.0 Spellcasting
 + Level 4.0 Transmutations


You had one spell level left.
You knew the following spells:

 Your Spells              Type           Power        Failure   Level  Hunger
a - Beastly Appendage     Tmut           ##....       13%         1    #......
b - Sticks to Snakes      Tmut           ##......     17%         2    ###....
e - Spider Form           Tmut/Pois      #.........   50%         3    ###....

Your spell library contained the following spells:

 Spells                   Type           Power        Failure   Level  Hunger
 Ice Form                 Ice/Tmut       #.......     85%         4    #####..
 Blade Hands              Tmut           ##........   89%         5    ######.


Dungeon Overview and Level Annotations

Branches:
Dungeon (4/15)
 Temple: D:4-7

Altars:
Cheibriados


Innate Abilities, Weirdness & Mutations

You cannot wear most types of armour.
You are very stealthy in the water. (Stealth+)
((You are amphibious.))
You can wear up to eight rings at the same time.
((You can use your tentacles to constrict eight enemies at once.))
((Your skin changes colour to match your surroundings (Stealth+).))
((Your rubbery body absorbs attacks. (AC +1, EV +1)))


Message History

You are too injured to fight recklessly!
You start resting.
Some of the chunks of flesh in your inventory have rotted away.
The rat is too close now for your liking.
A rat is nearby!
A rat is nearby!
A rat is nearby!
No target in view!
No target in view!
No target in view!
No target in view!
No target in view!
No target in view!
No target in view!
No target in view!
No target in view!
No target in view!
No target in view!
No target in view!
No target in view!
No target in view!
The rat barely misses you.
You barely miss the rat. You squeeze the rat.
You kill the rat!
You drop a chunk of flesh.
There is a snail-covered altar of Cheibriados here.
There is a stone staircase leading up here.
You start resting.
All of the chunks of flesh in your inventory have rotted away.
HP restored.
Unknown command.
You start resting.
HP restored.
You start waiting.
Done waiting.
Unknown command.
Memorise Spider Form, consuming 3 spell levels and leaving 1?
You start memorising the spell.
You continue memorising. x3
You finish memorising.
Spell assigned to 'c'.
You climb upwards.
There is a stone staircase leading down here.
Unknown command.
Adjust (i)tems, (s)pells, or (a)bilities?
Adjust which spell? c - Spider Form Adjust to which letter? e - Spider Form You climb downwards.
There is a stone staircase leading up here.
There is a stone staircase leading down here.
Unknown command.
Unknown command.
You climb downwards.
The worker ant bites you. The phantom hits you! The worker ant bites you!
* * * LOW HITPOINT WARNING * * *
There is a stone staircase leading up, spattered with blood here.
Casting: Sticks to Snakes (safe; 6% risk of failure)
Confirm with . or Enter, or press ? or * to list all spells.
You turn into a venomous arachnid creature.
Your +2 short sword of venom stops dripping with poison.
The phantom hits you.
* * * LOW HITPOINT WARNING * * *
The worker ant bites you!
You die...

#. #..# #. #..# #
# #.##..#.# .#
###.##..#.##.#
#.........#..
#....#..##..
.%###.......#.#
............#
###......s.#
##.....aW#
#..##..#.#
#.###..##..
#######.###..###.#
..%....ยง.......
.# ##.####.###....
. ..# #.###. #
##?. ... ..


You could see a phantom and a worker ant.

Vanquished Creatures
  A hound (D:4)
  A worker ant (D:4)
  An adder (D:4)
  A worm (D:2)
  A dart slug (D:3)
  An orc (D:3)
  A giant cockroach (D:2)
  A goblin (D:1)
  6 jackals
  A quokka (D:2)
  2 rats (D:3)
17 creatures vanquished.

Vanquished Creatures (collateral kills)
  A hound (D:4)
1 creature vanquished.

Grand Total: 18 creatures vanquished

Notes
Turn   | Place    | Note
-------+----------+-------------------------------------------
     0 | D:1      | Amnesiac the Octopode Transmuter began the quest for the
                  | Orb.
     0 | D:1      | Reached XP level 1. HP: 13/13 MP: 3/3
   206 | D:2      | Reached XP level 2. HP: 14/18 MP: 5/5
   210 | D:2      | Learned a level 2 spell: Sticks to Snakes
   393 | D:3      | Found a snail-covered altar of Cheibriados.
   509 | D:4      | Reached XP level 3. HP: 13/23 MP: 6/6
   556 | D:4      | Noticed a phantom
   566 | D:4      | Reached XP level 4. HP: 8/28 MP: 4/7
   959 | D:3      | Learned a level 3 spell: Spider Form
   970 | D:4      | Slain by a worker ant

Levels and vault maps discovered:
D:1:      grunt_arrival_crossed_arrows, layout_loops_cross,
          minmay_misc_feat_pillars, hangedman_feature_mirror
D:2:      wad_river_or_something, layout_loops_corners
D:3:      layout_loops_cross, overflow_temple_1_default, nrook_mini_backslash,
          minmay_misc_feat_room, minmay_quadrilaterals, uniq_natasha
D:4:      layout_loops_ring, chequers_temple_overflow_statue_of_worship,
          serial_shops, shop, first_ration, minivault_19, corexii_checkpoint_a,
          nicolae_ru_sacrificial_ziggurat, uniq_grinder

Skill      XL: |  1  2  3  4 |
---------------+-------------+-----
Transmutations | 3 4 |  4.0
Unarmed Combat | 4 |  4.0
Fighting       | |  1.0
Dodging        | |  2.0
Spellcasting   | |  2.0

Action                   |  1- 3 |  4- 6 || total
-------------------------+-------+-------++-------
Melee: Unarmed           |    11 |       ||    11
       Constrict         |    11 |     1 ||    12
       Short sword       |    31 |     2 ||    33
       Tentacles         |     2 |     1 ||     3
Throw: Boomerang         |     9 |       ||     9
 Cast: Sticks to Snakes  |     1 |     2 ||     3
       Spider Form       |       |     1 ||     1
  Use: Scroll            |     4 |       ||     4
 Stab: Sleeping          |     2 |       ||     2
Armor: Skin              |     1 |       ||     1
Dodge: Dodged            |    29 |     6 ||    35

Table legend:
 A = Non-vault XP
 B = Vault XP
 C = Vault XP percentage of total XP
 D = Non-vault monster count
 E = Vault monster count
 F = Vault count percentage of total count
                 A         B        C        D         E       F
            +---------+---------+-------+---------+---------+-------
      Total |     141 |       7 |   4.7 |      16 |       2 |  11.1
            +---------+---------+-------+---------+---------+-------
        D:1 |       2 |       0 |   0.0 |       1 |       0 |   0.0
        D:2 |       2 |       7 |  77.8 |       1 |       2 |  66.7
        D:3 |      17 |       0 |   0.0 |       8 |       0 |   0.0
        D:4 |     120 |       0 |   0.0 |       6 |       0 |   0.0
            +---------+---------+-------+---------+---------+-------
